AoeStats
← IdliDosa

Black Forest

507309885Analyzed
3v3 RM · 14d ago on Sep 17, 2026· 30m 2s· 6 players
Game mode
Random Map
Map size
Normal (6 player)
Population
200
Speed
Normal
Resources
Standard
Victory
Conquest
Starting age
Dark Age
Ending age
Imperial Age
RankedLock teamsTeams togetherTeam positionsShared explorationLock speedFull tech treeHidden civsTurbo modeCheats
Victory
Defeat
🇵🇪 Mapuche · Peru
1194
+16
🇱🇺 Mongols · Luxembourg
1180
+16
🇲🇽 Persians · Mexico
1158
+17
🇮🇳 Koreans · India
1216
-18
🇨🇳 Mongols · China
1193
-17
🇦🇷 Hindustanis · Argentina
1140
-14
Skrepee
1:30 Loom
16:55 Feudal Age
17:29 Double-Bit Axe
21:46 Castle Age
20:36 Horse Collar
23:44 Bow Saw
26:33 Fletching
28:59 Wheelbarrow
dLevantine
1:20 Loom
8:52 Feudal Age
9:32 Double-Bit Axe
12:55 Horse Collar
15:52 Fishing Lines
16:34 Gold Mining
21:04 Castle Age
19:47 Stone Mining
21:18 Wheelbarrow
21:46 Bow Saw
21:37 Heavy Plow
21:28 Gillnets
22:58 Hand Cart
28:42 Gold Shaft Mining
29:21 Stone Shaft Mining
29:26 Scale Barding Armor
29:31 Forging
32:28 Imperial Age
30:39 Bloodlines
30:29 Husbandry
Nagflar
0:49 Loom
11:33 Feudal Age
11:59 Double-Bit Axe
18:25 Castle Age
18:41 Fletching
20:23 Bow Saw
19:55 Horse Collar
28:11 Bodkin Arrow
28:21 Padded Archer Armor
29:59 Ballistics
30:32 Leather Archer Armor
Level
7:40 Loom
11:07 Feudal Age
16:21 Castle Age
14:24 Double-Bit Axe
16:18 Fishing Lines
17:25 Gillnets
18:17 Bow Saw
20:53 Wheelbarrow
21:06 Horse Collar
21:31 Gold Mining
22:14 Heavy Plow
23:53 Gold Shaft Mining
23:48 Fervor
29:59 Imperial Age
28:20 Sanctity
28:30 Forging
28:26 Scale Barding Armor
28:33 Bloodlines
28:24 Husbandry
IdliDosa
1:25 Loom
16:08 Feudal Age
21:07 Castle Age
19:07 Double-Bit Axe
19:55 Horse Collar
22:42 Bow Saw
22:32 Fletching
23:00 Heavy Plow
23:57 Bodkin Arrow
28:13 Wheelbarrow
pickmyself or end
0:30 Loom
11:50 Feudal Age
12:48 Double-Bit Axe
12:47 Horse Collar
15:37 Castle Age
16:41 Bow Saw
17:03 Heavy Plow
17:56 Wheelbarrow
19:01 Town Watch
21:46 Stone Mining
21:47 Gold Mining
25:56 Hand Cart
Connection lost

Rejoining the realm…

Still unreachable

The connection could not be restored.

Session expired

The server has moved on; the page needs a fresh start.